Workbook

Sheet PRESUPUESTO OFICIAL
A1: PRESUPUESTO OFICIAL
A2: MANTENIMIENTO DE INFRAESTRUCTURA EN LAS SEDES PRIORIZADAS DE LA INSTITUCIÓN EDUCATIVA POLICARPA SALAVARRIETA DEL MUNICIPIO DE GIRARDOT - CUNDINAMARCA, EN EL MARCO DEL PROYECTO DE PRIMERA INFANCIA.
A3: SEDE REPUBLICA DE COLOMBIA
A4: SALON JARDIN
B5: ACTIVIDAD | C5: UN | D5: CANT | E5: V/UNITARIO | F5: V/TOTAL
A6: 1 | B6: CIELO RASO
A7: 1.1 | B7: CIELO RASO EN PVC E=8mm | C7: M2 | D7: 61.47 | E7: 84862 | F7: =E7*D7 -> 5216467.1
A8: 1.2 | B8: TUBERIA PVC CONDUIT 1/2" | C8: ML | D8: 20 | E8: 5176 | F8: =E8*D8 -> 103520
A9: 1.3 | B9: PUNTOS ELECTRICOS | C9: UN | D9: 6 | E9: 82937 | F9: =E9*D9 -> 497622
A10: 2 | B10: PINTURA
A11: 2.1 | B11: ESMALTE SOBRE LAMINA LLENA | C11: M2 | D11: 81.58 | E11: 22832 | F11: =E11*D11 -> 1862634.6
A12: 2.2 | B12: PINTURA EN VINILO 2 MANOS | C12: M2 | D12: 122.36 | E12: 11650 | F12: =E12*D12 -> 1425494
A13: 2.3 | B13: ESMALTE SOBRE MARCOS LAMINA | C13: M2 | D13: 9.72 | E13: 8627 | F13: =E13*D13 -> 83854.44
A14: 3 | B14: VIDRIOS
A15: 3.1 | B15: VIDRIO TRANSPARENTE 4 MM | C15: M2 | D15: 10.8 | E15: 63949 | F15: =E15*D15 -> 690649.2
A16: 4 | B16: MANTENIMIENTO DE CUBIERTA
A17: 4.1 | B17: TEJA TERMOACUSTICA | C17: M2 | D17: 61.47 | E17: 30000 | F17: =E17*D17 -> 1844100
E18: COSTO DIRECTO | F18: =F17+F15+F12+F9+F13+F7+F8 -> 9861706.8
A19: ESCUELA PRIMERO DE ENERO
A20: BAÑO
B21: ACTIVIDAD | C21: UN | D21: CANT | E21: V/UNITARIO | F21: V/TOTAL
A22: 1 | B22: PRELIMINARES
A23: 1.1 | B23: DEMOLICION MUROS PARA PUERTA | C23: M2 | D23: 1.7 | E23: 22788 | F23: =E23*D23 -> 38739.6
A24: 1.2 | B24: RETIRO DE ESCOMBROS | C24: M3 | D24: 30 | E24: 17343 | F24: =E24*D24 -> 520290
A25: 2 | B25: INSTALACION BAÑO
A26: 2.1 | B26: SUMINISTRO E INSTALACION SANITARIO PARA NIÑOS | C26: UN | D26: 1 | E26: 673203 | F26: =E26*D26 -> 673203
A27: 2.2 | B27: SUMINISTRO E INSTALACION ORINAL PARA NIÑOS | C27: UN | D27: 1 | E27: 414335 | F27: =E27*D27 -> 414335
A28: 2.3 | B28: LAVAMANOS CORRIDO PARA NIÑOS | C28: UN | D28: 1 | E28: 285990 | F28: =E28*D28 -> 285990
A29: 2.4 | B29: SUMINISTRO E INSTALACION ENCHAPE | C29: M2 | D29: 6.88 | E29: 85437 | F29: =E29*D29 -> 587806.56
A30: 2.5 | B30: ALISTADO IMPERMEABILIZADO PISOS 1:3, E=4 | C30: M2 | D30: 3.45 | E30: 53913 | F30: =E30*D30 -> 185999.85
A31: 3 | B31: PUNTO ELECTRICO
A32: 3.1 | B32: PUNTOS ELECTRICOS | C32: UN | D32: 1 | E32: 82937 | F32: =E32*D32 -> 82937
A33: 4 | B33: PINTURA
A34: 4.1 | B34: PINTURA EN VINILO 2 MANOS | C34: ML | D34: 3.45 | E34: 11650 | F34: =E34*D34 -> 40192.5
E35: COSTO DIRECTO | F35: =+F23+F24+F26+F27+F28+F29+F30+F32+F34 -> 2829493.5
A36: SALON JARDIN
B37: ACTIVIDAD | C37: UN | D37: CANT | E37: V/UNITARIO | F37: V/TOTAL
A38: 1 | B38: NIVELACION PISO
A39: 1.1 | B39: ALISTADO IMPERMEABILIZADO PISOS 1:3, E=4 | C39: M2 | D39: 35.57 | E39: 53913 | F39: =E39*D39 -> 1917685.4
A40: 2 | B40: CIELO RASO
A41: 2.1 | B41: CIELO RASO EN PVC E=8mm | C41: M2 | D41: 35.57 | E41: 84862 | F41: =E41*D41 -> 3018541.3
A42: 2.2 | B42: PUNTOS ELECTRICOS | C42: UN | D42: 6 | E42: 82937 | F42: =E42*D42 -> 497622
A43: 3 | B43: MANTENIMIENTO DE CUBIERTA
A44: 3.1 | B44: LIMPIEZA Y MANTENIMIENTO DE CUBIERTA TEJA TERMOACUSTICA | C44: UN | D44: 35.57 | E44: 30000 | F44: =E44*D44 -> 1067100
A45: 4 | B45: PINTURA
A46: 4.1 | B46: ESMALTE SOBRE LAMINA LLENA | C46: M2 | D46: 26.34 | E46: 13396 | F46: =E46*D46 -> 352850.64
A47: 4.2 | B47: PINTURA EN VINILO 2 MANOS | C47: M2 | D47: 12.81 | E47: 11650 | F47: =E47*D47 -> 149236.5
E48: COSTO DIRECTO | F48: =F46+F44+F42+F41+F39+F47 -> 7003035.9
A49: ESCUELA CAMILO TORRES
A50: SALON JARDIN
B51: ACTIVIDAD | C51: UN | D51: CANT | E51: V/UNITARIO | F51: V/TOTAL
A52: 1 | B52: CERRADURA PUERTA
A53: 1.1 | B53: CERRADURA PUERTA | C53: UN | D53: 1 | E53: 166360 | F53: =E53*D53 -> 166360
A54: 2 | B54: MANTENIMIENTO DE CUBIERTA
A55: 2.1 | B55: TEJA TERMOACUSTICA | C55: M2 | D55: 232.89 | E55: 30000 | F55: =E55*D55 -> 6986700
A56: 3 | B56: CIELO RASO
A57: 3.1 | B57: PUNTOS ELECTRICOS | C57: UN | D57: 10 | E57: 82937 | F57: =E57*D57 -> 829370
E58: COSTO DIRECTO | F58: =F57+F55+F53 -> 7982430
A59: SUB TOTAL TODO | F59: =F58+F48+F35+F18 -> 27676666
A60: ADMINISTRACION | E60: =+AIU!H14 -> 0.17430688 | F60: =F59*E60 -> 4824233.3
A61: IMPREVISTOS | E61: =+AIU!H15 -> 0.01 | F61: =F59*E61 -> 276766.66
A62: UTILIDAD | E62: =+AIU!H16 -> 0.05 | F62: =F59*E62 -> 1383833.3
A63: TOTAL | F63: =+F59+F60+F61+F62 -> 34161499

Sheet MEMORIA
A1: MEMORIAS CANTIDADES DE OBRA
A3: SEDE REPUBLICA DE COLOMBIA
A4: SALON JARDIN
A5: 1 | B5: CIELO RAZO
B6: Descripción y/o localización planimetrica | C6: Longitud | D6: Base | E6: Altura | F6: Area | G6: Volumen | H6: Cantidad | I6: Unidad | J6: Total
B7: CIELO RAZO EN PVC E=8mm | C7: 9 | D7: 6.83 | I7: M2 | J7: =C7*D7 -> 61.47
B8: TUBERIA PVC CONDUIT 1/2" | C8: 20 | I8: ML | J8: =C8 -> 20
B9: PUNTOS ELECTRICOS | H9: 6 | I9: UN | J9: 6
A10: 2 | B10: PINTURA
B11: Descripción y/o localización planimetrica | C11: Longitud | D11: Base | E11: Altura | F11: Area | G11: Volumen | H11: Cantidad | I11: Unidad | J11: Total
B12: ESMALTE SOBRE LAMINA LLENA | D12: 67.98 | E12: 1.2 | I12: M2 | J12: 81.58
B13: PINTURA EN VINILO 2 MANOS | D13: 67.97 | E13: 1.8 | I13: M2 | J13: 122.36
B14: ESMALTE SOBRE MARCOS LAMINA | D14: 7.6 | E14: 1.2 | I14: M2 | J14: 9.72
A15: 3 | B15: VIDRIOS
B16: Descripción y/o localización planimetrica | C16: Longitud | D16: Base | E16: Altura | F16: Area | G16: Volumen | H16: Cantidad | I16: Unidad | J16: Total
B17: VIDRIO TRANSPARENTE 4 MM | D17: 3.6 | E17: 3 | I17: M2 | J17: 10.8
A18: 4 | B18: MANTENIMIENTO DE CUBIERTA
B19: Descripción y/o localización planimetrica | C19: Longitud | D19: Base | E19: Altura | F19: Area | G19: Volumen | H19: Cantidad | I19: Unidad | J19: Total
B20: TEJA TERMOACUSTICA | C20: 9 | E20: 6.83 | I20: M2 | J20: 61.47
A22: ESUELA PRIMERO DE ENERO
A23: BAÑO
A24: 1 | B24: PRELIMINARES
B25: Descripción y/o localización planimetrica | C25: Longitud | D25: Base | E25: Altura | F25: Area | G25: Volumen | H25: Cantidad | I25: Unidad | J25: Total
B26: DEMOLICION MUROS PARA PUERTA | C26: 1.7 | E26: 1 | I26: M2 | J26: 1.7
B27: RETIRO DE ESCOMBROS | G27: 30 | I27: M3 | J27: 30
A28: 2 | B28: INSTALACION BAÑO
B29: Descripción y/o localización planimetrica | C29: Longitud | D29: Base | E29: Altura | F29: Area | G29: Volumen | H29: Cantidad | I29: Unidad | J29: Total
B30: SUMINISTRO E INSTALACION SANITARIO PARA NIÑOS | H30: 1 | I30: UN | J30: 1
B31: SUMINISTRO E INSTALACION ORINAL PARA NIÑOS | H31: 1 | I31: UN | J31: 1
B32: LAVAMANOS CORRIDO PARA NIÑOS | H32: 1 | I32: UN | J32: 1
B33: SUMINISTRO E INSTALACION ENCHAPE | C33: 5.7 | E33: 1.2 | I33: M2 | J33: 6.88
B34: ALISTADO IMPERMEABILIZADO PISOS 1:3, E=4 | C34: 2.1 | D34: 1.64 | I34: M2 | J34: 3.45
A35: 3 | B35: PUNTO ELECTRICO
B36: Descripción y/o localización planimetrica | C36: Longitud | D36: Base | E36: Altura | F36: Area | G36: Volumen | H36: Cantidad | I36: Unidad | J36: Total
B37: PUNTOS ELECTRICOS | H37: 1 | I37: UN | J37: 1
A38: 4 | B38: PINTURA
B39: Descripción y/o localización planimetrica | C39: Longitud | D39: Base | E39: Altura | F39: Area | G39: Volumen | H39: Cantidad | I39: Unidad | J39: Total
B40: PINTURA EN VINILO 2 MANOS | C40: 1.91 | E40: 1.8 | I40: ML | J40: 3.45
A41: SALON JARDIN
A42: 1 | B42: NIVELACION PISO
B43: Descripción y/o localización planimetrica | C43: Longitud | D43: Base | E43: Altura | F43: Area | G43: Volumen | H43: Cantidad | I43: Unidad | J43: Total
B44: ALISTADO IMPERMEABILIZADO PISOS 1:3, E=4 | C44: 7.41 | D44: 4.8 | I44: M2 | J44: 35.57
A45: 2 | B45: CIELO RAZO
B46: Descripción y/o localización planimetrica | C46: Longitud | D46: Base | E46: Altura | F46: Area | G46: Volumen | H46: Cantidad | I46: Unidad | J46: Total
B47: CIELO RAZO EN PVC E=8mm | C47: 7.41 | D47: 4.8 | I47: M2 | J47: 35.57
B48: PUNTOS ELECTRICOS | H48: 6 | I48: UN | J48: 6
A49: 3 | B49: LIMPIEZA Y MANTENIMIENTO DE CUBIERTA TEJA TERMOACUSTICA
B50: Descripción y/o localización planimetrica | C50: Longitud | D50: Base | E50: Altura | F50: Area | G50: Volumen | H50: Cantidad | I50: Unidad | J50: Total
B51: LIMPIEZA Y MANTENIMIENTO DE CUBIERTA TEJA TERMOACUSTICA | C51: 7.41 | D51: 4.8 | I51: M2 | J51: 35.57
A52: 4 | B52: PINTURA
B53: Descripción y/o localización planimetrica | C53: Longitud | D53: Base | E53: Altura | F53: Area | G53: Volumen | H53: Cantidad | I53: Unidad | J53: Total
B54: ESMALTE SOBRE LAMINA LLENA | C54: 21.95 | E54: 1.2 | I54: M2 | J54: 26.34
B55: PINTURA EN VINILO 2 MANOS | C55: 7.11 | E55: 1.8 | I55: M2 | J55: 12.81
A57: ESCUELA CAMILO TORRES
A58: 1 | B58: CHAPA PUERTA
B59: Descripción y/o localización planimetrica | C59: Longitud | D59: Base | E59: Altura | F59: Area | G59: Volumen | H59: Cantidad | I59: Unidad | J59: Total
B60: CERRADURA PUERTA | H60: 1 | I60: UN | J60: 1
A61: 2 | B61: MANTENIMIENTO DE CUBIERTA
B62: Descripción y/o localización planimetrica | C62: Longitud | D62: Base | E62: Altura | F62: Area | G62: Volumen | H62: Cantidad | I62: Unidad | J62: Total
B63: TEJA TERMOACUSTICA | C63: 17.3 | D63: 13.46 | I63: M2 | J63: 232.89
A64: 3 | B64: PUNTOS ELECTRICOS
B65: Descripción y/o localización planimetrica | C65: Longitud | D65: Base | E65: Altura | F65: Area | G65: Volumen | H65: Cantidad | I65: Unidad | J65: Total
B66: PUNTOS ELECTRICOS | H66: 10 | I66: UN | J66: 10

Sheet APU
A1: SEDE REPUBLICA DE COLOMBIA
A2: SALON JARDIN
A3: 1 | B3: CIELO RASO
C5: CIELO RASO EN PVC e=8 mm (INCLUYE ESTRUCTURA DE APOYO)
C6: I. EQUIPO
C7: DESCRIPCION | E7: UNIDAD | F7: TARIFA | G7: RENDIMIENTO | H7: VALOR UNITARIO
C8: ANDAMIO SECCION | E8: D | F8: 1791 | G8: 2 | H8: 895.5
C9: TALADRO | E9: D | F9: 50120 | G9: 100 | H9: 501.2
C10: HERRAMIENTA MENOR | E10: GL | F10: 1458.47 | G10: 1 | H10: 1458.47
C11: SUB TOTAL | I11: =H10+H9+H8 -> 2855.17
C12: II. MATERIALES EN OBRA
C13: DESCRIPCION | E13: UNIDAD | F13: PRECIO-UNIT. | G13: CANTIDAD | H13: VALOR UNITARIO
C14: CIELO RASO DE PVC e=7 mm | E14: M2 | F14: 26817 | G14: 1.1 | H14: =F14*G14 -> 29498.7
C15: ANGULO CAL. 26 LAMINA GALV. 2,44M | E15: UN | F15: 6199 | G15: 0.45 | H15: =F15*G15 -> 2789.55
C16: CHAZO PLASTICO 1/4 | E16: UN | F16: 161 | G16: 3 | H16: =F16*G16 -> 483
C17: PERNO 1/2 ALT. VEL. 1 3/4" | E17: UN | F17: 896 | G17: 2 | H17: =F17*G17 -> 1792
C18: PERFIL OMEGA METALICO 63MM X 3,05 M | E18: UN | F18: 9137 | G18: 2 | H18: =F18*G18 -> 18274
C19: SUB TOTAL | I19: =H18+H17+H16+H15+H14 -> 52837.25
C20: III. TRANSPORTES
C21: MATERIAL | D21: VOL-PESO Ó CANT | E21: DISTANCIA | F21: M3-KM | G21: TARIFA | H21: VALOR UNITARIO
C22: SUB TOTAL
C23: IV. MANO DE OBRA
C24: TRABAJADOR | D24: JORNAL | E24: PRESTACIONES | F24: JORNAL TOTAL | G24: RENDIMIENTO | H24: VALOR UNITARIO
C25: MANO DE OBRA | D25: 185624 | E25: 2.2 | F25: 408372.8 | G25: 14 | H25: 29169.49
C26: SUB TOTAL | I26: =H25 -> 29169.49
C27: TOTAL COSTO DIRECTO | I27: =I26+I22+I19+I11 -> 84861.91
C29: TUBERIA PVC CONDUIT 1/2"
C30: I. EQUIPO
C31: DESCRIPCION | E31: UNIDAD | F31: TARIFA | G31: RENDIMIENTO | H31: VALOR UNITARIO
C32: SUB TOTAL
C33: II. MATERIALES EN OBRA
C34: DESCRIPCION | E34: UNIDAD | F34: PRECIO-UNIT. | G34: CANTIDAD | H34: VALOR UNITARIO
C35: ADAPTADOR PVC 1/2" CONDUIT | E35: UN | F35: 269 | G35: 0.5 | H35: 134.5
C36: TUBO PVC 1/2" CONDUIT | E36: UN | F36: 3148 | G36: 1.05 | H36: =F36*G36 -> 3305.4
C37: SOLDADURA PVC LIQUIDA 1/4 | E37: UN | F37: 85812 | G37: 0.002 | H37: =F37*G37 -> 171.624
C38: LIMPIADOR PVC 1/4 | E38: UN | F38: 62120 | G38: 0.002 | H38: =F38*G38 -> 124.24
C39: SUB TOTAL | I39: =H38+H37+H36+H35 -> 3735.764
C40: III. TRANSPORTES
C41: MATERIAL | D41: VOL-PESO Ó CANT | E41: DISTANCIA | F41: M3-KM | G41: TARIFA | H41: VALOR UNITARIO
C42: SUB TOTAL
C43: IV. MANO DE OBRA
C44: TRABAJADOR | D44: JORNAL | E44: PRESTACIONES | F44: JORNAL TOTAL | G44: RENDIMIENTO | H44: VALOR UNITARIO
C45: MANO DE OBRA | D45: 170156 | E45: 220 | F45: 374343.2 | G45: 260 | H45: 1439.78
C46: SUB TOTAL | I46: =H45 -> 1439.78
C47: TOTAL COSTO DIRECTO | I47: =I46+I42+I39+I32 -> 5175.544
C49: PUNTOS ELECTRICOS
C50: I. EQUIPO
C51: DESCRIPCION | E51: UNIDAD | F51: TARIFA | G51: RENDIMIENTO | H51: VALOR UNITARIO
C52: SUB TOTAL
C53: II. MATERIALES EN OBRA
C54: DESCRIPCION | E54: UNIDAD | F54: PRECIO-UNIT. | G54: CANTIDAD | H54: VALOR UNITARIO
C55: ADAPTADOR PVC 1/2" CONDUIT | E55: UN | F55: 269 | G55: 2.61 | H55: =F55*G55 -> 702.09
C56: ALAMBRE CU THW # 12 AWG | E56: ML | F56: 3484 | G56: 5.6 | H56: =F56*G56 -> 19510.4
C57: ALAMBRE CU THW #14 AWG | E57: ML | F57: 2440 | G57: 2.79 | H57: =F57*G57 -> 6807.6
C58: CAJA OCTAGONAL | E58: UN | F58: 3762 | G58: 1 | H58: =F58*G58 -> 3762
C59: CAJA GALVANIZADA 5800 | E59: UN | F59: 2687 | G59: 1 | H59: =F59*G59 -> 2687
C60: INTERRUPTOR DOBLE | E60: UN | F60: 15944 | G60: 1 | H60: =F60*G60 -> 15944
C61: ROCETA | E61: UN | F61: 2687 | G61: 1 | H61: =F61*G61 -> 2687
C62: TUBO PVC 1/2" CONDUIT | E62: ML | F62: 3148 | G62: 3.38 | H62: =F62*G62 -> 10640.24
C63: SOLADURA PVC LIQUIDA 1/4 | E63: UN | F63: 85812 | G63: 0.01 | H63: =F63*G63 -> 858.12
C64: LIMPIADOR PVC 1/4 | E64: UN | F64: 62120 | G64: 0.01 | H64: =F64*G64 -> 621.2
C65: SUB TOTAL | I65: =H55+H56+H57+H58+H59+H60+H61+H62+H63+H64 -> 64219.65
C66: III. TRANSPORTES
C67: MATERIAL | D67: VOL-PESO Ó CANT | E67: DISTANCIA | F67: M3-KM | G67: TARIFA | H67: VALOR UNITARIO
C69: SUB TOTAL
C70: IV. MANO DE OBRA
C71: TRABAJADOR | D71: JORNAL | E71: PRESTACIONES | F71: JORNAL TOTAL | G71: RENDIMIENTO | H71: VALOR UNITARIO
C72: MANO DE OBRA | D72: 170156 | E72: 220 | F72: 374343.2 | G72: 20 | H72: 18717.16
C73: SUB TOTAL | I73: =H72 -> 18717.16
C74: TOTAL COSTO DIRECTO | I74: =I73+I69+I65+I52 -> 82936.81
A76: 2 | B76: PINTURA
C78: PINTURA SOBRE ESMALTE LAMINA LLENA
C79: I. EQUIPO
C80: DESCRIPCION | E80: UNIDAD | F80: TARIFA | G80: RENDIMIENTO | H80: VALOR UNITARIO
C81: SUB TOTAL
C82: II. MATERIALES EN OBRA
C83: DESCRIPCION | E83: UNIDAD | F83: PRECIO-UNIT. | G83: CANTIDAD | H83: VALOR UNITARIO
C84: DISOLVENTE THINNER | E84: GLN | F84: 53572 | G84: 0.03 | H84: =F84*G84 -> 1607.16
C85: ESMALTE SINTETICO | E85: GLN | F85: 107309 | G85: 0.04 | H85: =F85*G85 -> 4292.36
C86: LIJA DE AGUA 150 SUPER | E86: UN | F86: 1791 | G86: 1.05 | H86: =F86*G86 -> 1880.55
C87: SUB TOTAL | I87: =H86+H85+H84 -> 7780.07
C88: III. TRANSPORTES
C89: MATERIAL | D89: VOL-PESO Ó CANT | E89: DISTANCIA | F89: M3-KM | G89: TARIFA | H89: VALOR UNITARIO
C90: SUB TOTAL
C91: IV. MANO DE OBRA
C92: TRABAJADOR | D92: JORNAL | E92: PRESTACIONES | F92: JORNAL TOTAL | G92: RENDIMIENTO | H92: VALOR UNITARIO
C93: MANO DE OBRA | D93: 170890 | E93: 220 | F93: 391358 | G93: 26 | H93: 15052.23
C94: SUB TOTAL | I94: =H93 -> 15052.23
C95: TOTAL COSTO DIRECTO | I95: =I94+I90+I87+I81 -> 22832.3
C97: PINTURA EN VINILO 2 MANOS
C98: I. EQUIPO
C99: DESCRIPCION | E99: UNIDAD | F99: TARIFA | G99: RENDIMIENTO | H99: VALOR UNITARIO
C100: SUB TOTAL
C101: II. MATERIALES EN OBRA
C102: DESCRIPCION | E102: UNIDAD | F102: PRECIO-UNIT. | G102: CANTIDAD | H102: VALOR UNITARIO
C103: VINILO TIPO 1 | E103: GLN | F103: 95575 | G103: 0.02 | H103: =F103*G103 -> 1911.5
C104: SUB TOTAL | I104: =H103 -> 1911.5
C105: III. TRANSPORTES
C106: MATERIAL | D106: VOL-PESO Ó CANT | E106: DISTANCIA | F106: M3-KM | G106: TARIFA | H106: VALOR UNITARIO
C107: SUB TOTAL
...

Sheet MDO
C2: MANO DE OBRA
C3: PERSONAL | D3: CANT | E3: SALARIO | F3: JORNAL (dÍa)
C4: RESIDENTE DE OBRA | D4: 1 | E4: 4000000 | F4: =E4/30 -> 133333.33
C5: Maestro de Obra | D5: 1 | E5: =+F5*30 -> 3000000 | F5: 100000
C6: Oficial | D6: 1 | E6: =+F6*30 -> 2400000 | F6: 80000
C7: Ayudante | D7: 1 | E7: =+F7*30 -> 1800000 | F7: 60000
C10: Prestaciones | F10: 0.6183

Sheet AIU
B1: CALCULO DEL AIU
B2: CONCEPTO | D2: V.M./CON PRESTACIONES | E2: DEDICACIÓN | F2: DURACIÓN DE LA OBRA (Meses) | G2: V. PARCIAL | H2: %
B3: COSTO DIRECTO | H3: =+'PRESUPUESTO OFICIAL'!F59 -> 27676666
B4: ADMINISTRACIÓN
B5: SALARIOS PERSONAL DE OBRA | G5: =+G6+G7 -> 2333333.3 | H5: =+G5/H3 -> 0.084306879
B6: 1 | C6: RESIDENTE DE OBRA | D6: 4000000 | E6: 1 | F6: 3 | G6: =+(D6*E6)/F6 -> 1333333.3
B7: 2 | C7: Jefe de Cuadrilla (Maestro de Obra) | D7: 3000000 | E7: 1 | F7: 3 | G7: =+(D7*E7)/F7 -> 1000000
B8: COSTOS INDIRECTOS
B9: GASTOS DE LEGALIZACIÓN E IMPUESTOS | G9: =+SUM(G10:G13) -> 2490900 | H9: =+G9/H3 -> 0.09
B10: Impuesto de seguridad democratica | D10: =+H3 -> 27676666 | F10: 0.05 | G10: =+D10*F10 -> 1383833.3
B11: Poliza Unica de Cumplimiento | D11: =+H3 -> 27676666 | F11: 0.01 | G11: =+D11*F11 -> 276766.66
B12: Retefuente | D12: =+H3 -> 27676666 | F12: 0.02 | G12: =+D12*F12 -> 553533.32
B13: ICA | D13: =+H3 -> 27676666 | F13: 0.01 | G13: =+D13*F13 -> 276766.66
B14: A | C14: ADMINISTRACIÓN | H14: =+H9+H5 -> 0.17430688
B15: I | C15: IMPREVISTOS | H15: 0.01
B16: U | C16: UTILIDAD | H16: 0.05
B17: AIU | H17: =+H14+H15+H16 -> 0.23430688

Sheet PROGRAMACIÓN
A1: PROGRAMA DE ACTIVIDADES
A3: CRONOGRAMA INICIAL
B4: Resumen | C4: MES 1 | K4: MES 2 | S4: MES 3
A5: Item | C5: S1 | E5: S2 | G5: S3 | I5: S4 | K5: S1 | M5: S2 | O5: S3 | Q5: S4 | S5: S1 | U5: S2 | W5: S3 | Y5: S4
A6: SEDE REPUBLICA DE COLOMBIA
A7: SALON JARDIN
A8: 1 | B8: CIELO RAZO
B9: CIELO RAZO EN PVC E=8mm
B10: TUBERIA PVC CONDUIT 1/2"
B11: PUNTOS ELECTRICOS
A12: 2 | B12: PINTURA
B13: PINTURA DE ACEITE AZUL
B14: PINTURA EN VINILO 2 MANOS
B15: PINTURA PUERTAS Y VENTANAS
A16: 3 | B16: VIDRIOS
B17: VIDRIO TRANSPARENTE 4 MM
A18: 4 | B18: MANTENIMIENTO DE CUBIERTA
B19: TEJA TERMOACUSTICA
A20: ESCUELA PRIMERO DE ENERO
A21: BAÑO
A22: 1 | B22: PRELIMINARES
B23: DEMOLICION MUROS PARA PUERTA
B24: RETIRO DE ESCOMBROS
A25: 2 | B25: INSTALACION BAÑO
B26: SUMINISTRO E INSTALACION SANITARIO PARA NIÑOS
B27: SUMINISTRO E INSTALACION ORINAL PARA NIÑOS
B28: LAVAMANOS CORRIDO PARA NIÑOS
B29: SUMINISTRO E INSTALACION ENCHAPE
B30: ALISTADO IMPERMEABILIZADO PISOS 1:3, E=4
A31: 3 | B31: PUNTO ELECTRICO
B32: TUBERIA PVC CONDUIT 1/2"
B33: PUNTOS ELECTRICOS
A34: 4 | B34: PINTURA
B35: PINTURA EN VINILO 2 MANOS
A36: SALON JARDIN
A37: 1 | B37: NIVELACION PISO
B38: ALISTADO IMPERMEABILIZADO PISOS 1:3, E=4
A39: 2 | B39: CIELO RAZO
B40: CIELO RAZO EN PVC E=8mm
B41: PUNTOS ELECTRICOS
A42: 3 | B42: MANTENIMIENTO DE CUBIERTA
B43: LIMPIEZA Y MANTENIMIENTO DE CUBIERTA TEJA TERMOACUSTICA
A44: 4 | B44: PINTURA
B45: ESMALTE SOBRE LAMINA LLENA
B46: PINTURA EN VINILO 2 MANOS
A47: ESCUELA CAMILO TORRES
A48: SALON JARDIN
A49: 1 | B49: CERRADURA PUERTA
B50: CERRADURA PUERTA
A51: 2 | B51: MANTENIMIENTO DE CUBIERTA
B52: TEJA TERMOACUSTICA
A53: 3 | B53: PUNTOS ELECTRICOS
B54: PUNTOS ELECTRICOS

Sheet ANEXO 5 -OFERTA ECONÓMICA
A1: ANEXO 5 OFERTA ECONOMICA
A2: MANTENIMIENTO DE INFRAESTRUCTURA EN LAS SEDES PRIORIZADAS DE LA INSTITUCIÓN EDUCATIVA POLICARPA SALAVARRIETA DEL MUNICIPIO DE GIRARDOT - CUNDINAMARCA, EN EL MARCO DEL PROYECTO DE PRIMERA INFANCIA.
A3: SEDE REPUBLICA DE COLOMBIA
A4: SALON JARDIN
B5: ACTIVIDAD | C5: UN | D5: CANT | E5: V/UNITARIO | F5: V/TOTAL
A6: 1 | B6: CIELO RASO
A7: 1.1 | B7: CIELO RASO EN PVC E=8mm | C7: M2 | D7: 61.47
A8: 1.2 | B8: TUBERIA PVC CONDUIT 1/2" | C8: ML | D8: 20
A9: 1.3 | B9: PUNTOS ELECTRICOS | C9: UN | D9: 6
A10: 2 | B10: PINTURA
A11: 2.1 | B11: ESMALTE SOBRE LAMINA LLENA | C11: M2 | D11: 81.58
A12: 2.2 | B12: PINTURA EN VINILO 2 MANOS | C12: M2 | D12: 122.36
A13: 2.3 | B13: ESMALTE SOBRE MARCOS LAMINA | C13: M2 | D13: 9.72
A14: 3 | B14: VIDRIOS
A15: 3.1 | B15: VIDRIO TRANSPARENTE 4 MM | C15: M2 | D15: 10.8
A16: 4 | B16: MANTENIMIENTO DE CUBIERTA
A17: 4.1 | B17: TEJA TERMOACUSTICA | C17: M2 | D17: 61.47
E18: COSTO DIRECTO
A19: ESCUELA PRIMERO DE ENERO
A20: BAÑO
B21: ACTIVIDAD | C21: UN | D21: CANT | E21: V/UNITARIO | F21: V/TOTAL
A22: 1 | B22: PRELIMINARES
A23: 1.1 | B23: DEMOLICION MUROS PARA PUERTA | C23: M2 | D23: 1.7
A24: 1.2 | B24: RETIRO DE ESCOMBROS | C24: M3 | D24: 30
A25: 2 | B25: INSTALACION BAÑO
A26: 2.1 | B26: SUMINISTRO E INSTALACION SANITARIO PARA NIÑOS | C26: UN | D26: 1
A27: 2.2 | B27: SUMINISTRO E INSTALACION ORINAL PARA NIÑOS | C27: UN | D27: 1
A28: 2.3 | B28: LAVAMANOS CORRIDO PARA NIÑOS | C28: UN | D28: 1
A29: 2.4 | B29: SUMINISTRO E INSTALACION ENCHAPE | C29: M2 | D29: 6.88
A30: 2.5 | B30: ALISTADO IMPERMEABILIZADO PISOS 1:3, E=4 | C30: M2 | D30: 3.45
A31: 3 | B31: PUNTO ELECTRICO
A32: 3.1 | B32: PUNTOS ELECTRICOS | C32: UN | D32: 1
A33: 4 | B33: PINTURA
A34: 4.1 | B34: PINTURA EN VINILO 2 MANOS | C34: ML | D34: 3.45
E35: COSTO DIRECTO
A36: SALON JARDIN
B37: ACTIVIDAD | C37: UN | D37: CANT | E37: V/UNITARIO | F37: V/TOTAL
A38: 1 | B38: NIVELACION PISO
A39: 1.1 | B39: ALISTADO IMPERMEABILIZADO PISOS 1:3, E=4 | C39: M2 | D39: 35.57
A40: 2 | B40: CIELO RASO
A41: 2.1 | B41: CIELO RASO EN PVC E=8mm | C41: M2 | D41: 35.57
A42: 2.2 | B42: PUNTOS ELECTRICOS | C42: UN | D42: 6
A43: 3 | B43: MANTENIMIENTO DE CUBIERTA
A44: 3.1 | B44: LIMPIEZA Y MANTENIMIENTO DE CUBIERTA TEJA TERMOACUSTICA | C44: UN | D44: 35.57
A45: 4 | B45: PINTURA
A46: 4.1 | B46: ESMALTE SOBRE LAMINA LLENA | C46: M2 | D46: 26.34
A47: 4.2 | B47: PINTURA EN VINILO 2 MANOS | C47: M2 | D47: 12.81
E48: COSTO DIRECTO
A49: ESCUELA CAMILO TORRES
A50: SALON JARDIN
B51: ACTIVIDAD | C51: UN | D51: CANT | E51: V/UNITARIO | F51: V/TOTAL
A52: 1 | B52: CERRADURA PUERTA
A53: 1.1 | B53: CERRADURA PUERTA | C53: UN | D53: 1
A54: 2 | B54: MANTENIMIENTO DE CUBIERTA
A55: 2.1 | B55: TEJA TERMOACUSTICA | C55: M2 | D55: 232.89
A56: 3 | B56: CIELO RASO
A57: 3.1 | B57: PUNTOS ELECTRICOS | C57: UN | D57: 10
E58: COSTO DIRECTO
A59: SUB TOTAL TODO
A60: ADMINISTRACION | E60: =+AIU!H14 -> 0.17430688
A61: IMPREVISTOS | E61: =+AIU!H15 -> 0.01
A62: UTILIDAD | E62: =+AIU!H16 -> 0.05
A63: TOTAL
